 Dungeon Crawl Stone Soup version 0.22-a0-136-g83a10e5 (webtiles) character file.

216 esteth the Insei (level 5, -4/36 HPs)
             Began as an Octopode Transmuter on Feb 3, 2018.
             Was an Initiate of Makhleb.
             Shot with an arrow by a centaur (15 damage)
             ... on level 5 of the Dungeon on Feb 4, 2018.
             The game lasted 00:08:45 (4237 turns).

esteth the Insei (Octopode Transmuter)              Turns: 4237, Time: 00:08:46

Health: -4/36      AC:  1    Str: 13    XL:     5   Next: 93%
Magic:  6/8        EV: 13    Int: 16    God:    Makhleb [......]
Gold:   242        SH:  0    Dex: 13    Spells: 5/8 levels left

rFire    . . .     SeeInvis .     - Unarmed
rCold    . . .     Gourm    .   (no shield)
rNeg     . . .     Faith    .   (helmet restricted)
rPois    .         Spirit   .   (no amulet)
rElec    .         Reflect  .   d - +4 ring of strength
rCorr    .         Harm     .   (no ring)
MR       .....                  (no ring)
Stlth    ++........             (no ring)
HPRegen  0.12/turn              (no ring)
MPRegen  0.11/turn              (no ring)
                                (no ring)
                                (no ring)

@: no status effects
A: almost no armour, stealthy swim, amphibious, 8 rings, constrict 8, camouflage
1, gelatinous body 1
a: Renounce Religion


You were on level 5 of the Dungeon.
You worshipped Makhleb.
Makhleb was noncommittal.
You were hungry.

You visited 1 branch of the dungeon, and saw 5 of its levels.

You collected 242 gold pieces.

Inventory:

Missiles
 a - 81 arrows
Jewellery
 d - a +4 ring of strength (left tentacle)
Scrolls
 g - 3 scrolls of teleportation {unknown}
 k - a scroll of remove curse {unknown}
 l - 8 scrolls of identify
 m - 2 scrolls of random uselessness {unknown}
 p - 2 scrolls of fear {unknown}
 r - a scroll of magic mapping {unknown}
Potions
 e - 3 potions of might
 f - 3 potions of brilliance {unknown}
 h - a potion of curing {unknown}
 i - 2 potions of resistance {unknown}
 n - a potion of berserk rage {unknown}
 q - a potion of mutation {unknown}
Books
 b - a book of Changes

   Spells                             Type                      Level
   a - Beastly Appendage              Transmutation                1
   b - Sticks to Snakes               Transmutation                2
   c - Spider Form                    Transmutation/Poison         3
   d - Ice Form                       Ice/Transmutation            4
   e - Blade Hands                    Transmutation                5
Comestibles
 c - 10 rations


   Skills:
 + Level 3.0 Fighting
 - Level 2.0 Dodging
 + Level 4.2 Unarmed Combat
 - Level 2.0 Spellcasting
 - Level 4.1 Transmutations


You had 5 spell levels left.
You knew the following spells:

 Your Spells              Type           Power        Failure   Level  Hunger
a - Beastly Appendage     Tmut           ##....       3%          1    #......
b - Sticks to Snakes      Tmut           ##......     5%          2    ###....


Dungeon Overview and Level Annotations

Branches:
Dungeon (5/15)             Temple (0/1) D:4

Altars:
Hepliaklqana
Kikubaaqudgha
Makhleb
Ru
Sif Muna
Trog
Vehumet

Annotations:
D:3 1 runed door


Innate Abilities, Weirdness & Mutations

You cannot wear most types of armour.
You are very stealthy in the water. (Stealth+)
You are amphibious.
You can wear up to eight rings at the same time.
You can use your tentacles to constrict eight enemies at once.
Your skin changes colour to match your surroundings (Stealth+).
Your rubbery body absorbs attacks. (AC +1, EV +1)


Message History

You tentacle-slap the shadow imp but do no damage.
You grab the shadow imp.
You squeeze the shadow imp, but do no damage.
The shadow imp is severely wounded.
You constrict the shadow imp. The shadow imp hits you.
You tentacle-slap the shadow imp.
The shadow imp is almost dead.
You constrict the shadow imp.
You kill the shadow imp!
Makhleb accepts your kill.
Your Fighting skill increases to level 3!
The centaur wields a shortbow.
The centaur shoots an arrow.
The arrow hits you!
Casting: Sticks to Snakes (safe; 5% risk of failure)
Confirm with . or Enter, or press ? or * to list all spells.
You create a snake!
You now have 81 arrows.
The centaur shoots an arrow.
The arrow hits you!
* * * LOW HITPOINT WARNING * * *
You feel much better.
The centaur shoots an arrow.
The arrow hits you.
The centaur shoots an arrow.
The arrow hits you!
You die...

####.## .#...
.... # ... .#.
# #.### ....
#.##.#.##..###
#>............
####.#S##.###
#.#@# #.#.#
#.#c. #<#...
#.#....
#.#.#...
#.#.##.##
#.#.# .# #.#


You could see a centaur and a friendly ball python.

Vanquished Creatures
  A crimson imp (D:3)
  A hound (D:4)
  An orc wizard (D:3)
  2 adders
  A shadow imp (D:5)
  2 oozes
  2 worms
  2 dart slugs
  3 leopard geckos (D:2)
  4 orcs
  4 giant cockroaches
  10 goblins
  4 hobgoblins
  8 jackals
  A kobold (D:1)
  2 ball pythons
  8 bats
  2 frilled lizards
  A leopard gecko skeleton (D:4)
  13 rats
72 creatures vanquished.

Vanquished Creatures (collateral kills)
  3 orcs
3 creatures vanquished.

Grand Total: 75 creatures vanquished

Notes
Turn   | Place    | Note
-------+----------+-------------------------------------------
     0 | D:1      | esteth the Octopode Transmuter began the quest for the Orb.
     0 | D:1      | Reached XP level 1. HP: 13/13 MP: 3/3
   188 | D:1      | Reached XP level 2. HP: 13/18 MP: 5/5
   287 | D:1      | Learned a level 2 spell: Sticks to Snakes
   958 | D:2      | Reached XP level 3. HP: 23/23 MP: 6/6
  1584 | D:2      | Found a faded altar of an unknown god.
  1667 | D:2      | Found a sacrificial altar of Ru.
  1668 | D:2      | Found an ancient bone altar of Kikubaaqudgha.
  1802 | D:3      | Reached XP level 4. HP: 28/28 MP: 7/7
  2475 | D:3      | Found a deep blue altar of Sif Muna.
  2557 | D:3      | Found a hazy altar of Hepliaklqana.
  2787 | D:3      | Found a burning altar of Makhleb.
  2787 | D:3      | Found a radiant altar of Vehumet.
  2795 | D:3      | Reached XP level 5. HP: 20/35 MP: 8/8
  2939 | D:3      | Became a worshipper of Makhleb the Destroyer
  3012 | D:3      | Found a runed door.
  3451 | D:4      | Found a staircase to the Ecumenical Temple.
  3619 | D:4      | Noticed a moth of wrath
  3622 | D:4      | Found a bloodstained altar of Trog.
  3975 | D:4      | Found a burning altar of Makhleb.
  3975 | D:4      | Noticed a green death
  4225 | D:5      | Entered Level 5 of the Dungeon
  4232 | D:5      | Noticed a centaur
  4237 | D:5      | Shot with an arrow by a centaur

Vault maps used:
D:1:      doesnt_arrival_eight_statues
D:2:      nicolae_overflow_hidden_temple, first_ration,
          chequers_ecumenical_altar_simple
D:3:      grunt_temple_overflow_lords_of_destruction, overflow_temple_1_default,
          led_sif_pool, minivault_24, uniq_crazy_yiuf_cottage
D:4:      tgw_trog, minmay_temple_entry_junction_2, makhleb_altar_promises_db
D:5:      serial_shops, kennysheep_mini_moat, lightli_corner_chamber

Skill      XL: |  1  2  3  4  5 |
---------------+----------------+-----
Transmutations | 3 4 |  4.1
Fighting       | 2 3 |  3.0
Unarmed Combat | 4 |  4.2
Dodging        | |  2.0
Spellcasting   | |  2.0

Action                   |  1- 3 |  4- 6 || total
-------------------------+-------+-------++-------
Melee: Unarmed           |    77 |    91 ||   168
       Constrict         |    16 |    26 ||    42
       Tentacles         |    16 |    23 ||    39
       Punch             |     3 |     2 ||     5
 Cast: Sticks to Snakes  |     2 |     6 ||     8
  Use: Scroll            |     2 |       ||     2
       Potion            |       |     3 ||     3
 Stab: Sleeping          |     8 |     5 ||    13
  Eat: Chunk             |     3 |     7 ||    10
Armor: Skin              |     8 |     5 ||    13
Dodge: Dodged            |    59 |    43 ||   102

Table legend:
 A = Spawn XP
 B = Non-spawn XP
 C = Spawn XP percentage of total XP
 D = Spawn monster count
 E = Non-spawn monster count
 F = Spawn count percentage of total count
 G = Total turns spent on level
                    A         B        C        D         E        F      G
               +---------+---------+-------+---------+---------+-------+---------
         Total |       0 |     309 |   0.0 |       0 |      75 |   0.0 |  4237
               +---------+---------+-------+---------+---------+-------+---------
           D:1 |       0 |      33 |   0.0 |       0 |      17 |   0.0 |   954
           D:2 |       0 |      48 |   0.0 |       0 |      18 |   0.0 |   846
           D:3 |       0 |     135 |   0.0 |       0 |      24 |   0.0 |  1287
           D:4 |       0 |      82 |   0.0 |       0 |      15 |   0.0 |  1138
           D:5 |       0 |      11 |   0.0 |       0 |       1 |   0.0 |    12
               +---------+---------+-------+---------+---------+-------+---------
